 Dungeon Crawl Stone Soup version 0.27-a0-1193-g8631133539 (webtiles) character file.

Game seed: 2961262780017940209

39 robertstho the Slasher (level 3, -1/24 HPs)
             Began as a Tengu Berserker on May 26, 2021.
             Was a Follower of Trog.
             Succumbed to an adder's poison
             ... on level 2 of the Dungeon.
             The game lasted 00:01:07 (1229 turns).

robertstho the Slasher (Tengu Berserker)            Turns: 1229, Time: 00:01:09

Health: -1/24      AC:  2    Str: 18    XL:     3   Next: 45%
Magic:  4/4        EV: 12    Int:  7    God:    Trog [*.....]
Gold:   56         SH:  0    Dex: 13    Spells: 2/2 levels left

rFire    . . .     SeeInvis .   e - +0 long sword
rCold    . . .     Faith    .   (no shield)
rNeg     . . .     Spirit   .   b - +0 animal skin
rPois    .         Reflect  .   (helmet restricted)
rElec    .         Harm     .   (no cloak)
rCorr    .         Rampage  .   (no gloves)
Will     .....                  (boots unavailable)
Stlth    +.........             (no amulet)
HPRegen  0.08/turn              (no ring)
MPRegen  0.09/turn              (no ring)

@: lethally poisoned (-1 -> -4), on berserk cooldown
A: beak, talons 3
a: Renounce Religion, Berserk


You were on level 2 of the Dungeon.
You worshipped Trog.
Trog was aware of your devotion.
You visited 1 branch of the dungeon, and saw 2 of its levels.

You collected 56 gold pieces.

Inventory:

Hand Weapons
 e - a +0 long sword (weapon)
Armour
 b - a +0 animal skin (worn)
Scrolls
 a - a scroll of fear {unknown}
Potions
 f - a potion of haste {unknown}


   Skills:
 * Level 3.8 Fighting
 + Level 3.9 Long Blades
 * Level 2.3 Armour
 + Level 2.2 Dodging


You had 2 spell levels left.
You didn't know any spells.
Your spell library was empty.

Dungeon Overview and Level Annotations

Branches:
Dungeon (2/15)

Altars:


Innate Abilities, Weirdness & Mutations

You have a beak for a mouth.
You have claws for feet.


Message History

You closely miss the adder.
The adder is severely wounded.
You feel sick. The adder bites you.
* * * LOW HITPOINT WARNING * * *
You are lethally poisoned!
The adder poisons you!
You barely miss the adder. Your peck misses the adder.
The adder is severely wounded.
* * * LOW HITPOINT WARNING * * *
You feel sick. The adder misses you.
You hit the adder.
You kill the adder!
Trog accepts your kill.
* * * LOW HITPOINT WARNING * * *
You feel sick.
* * * LOW HITPOINT WARNING * * *
You feel sick.
You feel a strong urge to attack something.
* * * LOW HITPOINT WARNING * * *
You feel sick.
* * * LOW HITPOINT WARNING * * *
You feel sick.
You are too berserk!
You feel your anger nearly subside.
You are no longer berserk.
You are exhausted.
You feel yourself slow down.
* * * LOW HITPOINT WARNING * * *
You feel sick.
It was a potion of lignification.
You turn into a tree.
Your +0 animal skin melds into your body.
Your roots penetrate the ground.
* * * LOW HITPOINT WARNING * * *
You feel sick.
It was a potion of cancellation.
Your magical effects are unravelling.
You feel magically purged.
You feel less wooden.
Your +0 animal skin unmelds from your body.
You feel yourself speed up.
You die...

.......+
...#.#####......#
#.....@.#......#
###.###.#......#
#.#......#
#.#......#
######.#......#
........'......#
#######.#......####
................#
..........))....#


There were no monsters in sight!

Vanquished Creatures
  An adder (D:2)
  A dart slug (D:1)
  5 ball pythons
  A giant cockroach (D:2)
  2 hobgoblins (D:1)
  2 jackals (D:1)
  4 kobolds
  2 quokkas (D:1)
  3 frilled lizards (D:1)
  3 goblins
  A rat (D:2)
25 creatures vanquished.

Notes
Turn   | Place    | Note
-------+----------+-------------------------------------------
     0 | D:1      | robertstho the Tengu Berserker began the quest for the Orb.
     0 | D:1      | Reached XP level 1. HP: 14/14 MP: 2/2
   359 | D:1      | Reached XP level 2. HP: 19/19 MP: 3/3
   911 | D:2      | Reached XP level 3. HP: 23/24 MP: 4/4
  1073 | D:2      | Reached ** piety under Trog
  1227 | D:2      | HP: 1/24 [poisoned by an adder]
  1229 | D:2      | Succumbed to an adder's poison

Illustrated notes

Levels and vault maps discovered:
D:1:      wander_arrival_peaceful_grave, layout_basic
D:2:      layout_basic, minmay_tiny_reverse_x

Action                   || total
-------------------------++-------
Melee: Falchion          ||     8
       Kick              ||     8
       Long sword        ||    41
       Peck              ||     3
Invok: Berserk           ||     1
  Use: Potion            ||     2
Armor: Animal skin       ||     6
Dodge: Dodged            ||    39
       Rpst.: Falchion   ||     1
       Long sword        ||    11

Table legend: (Time is in decaauts)
 A = Elapsed time spent in this place.
 B = Non-inter-level travel time spent in this place.
 C = Inter-level travel time spent in this place.
 D = Time resting spent in this place.
 E = Time spent auto-exploring this place.
 F = Levels seen in this place.
 G = Mean time per level.
                   A        B        C        D        E       F      G
               +--------+--------+--------+--------+--------+-----+--------+
         Total |   1235 |   1174 |     61 |      0 |   1024 |   2 |  617.5 |
       Dungeon |   1235 |   1174 |     61 |      0 |   1024 |   2 |  617.5 |
               +--------+--------+--------+--------+--------+-----+--------+

Top non-repeatable levels by time:
     D:1: 839 daAuts
     D:2: 395 daAuts
